 Dungeon Crawl Stone Soup version 0.17.0-23-g0de4337 (webtiles) character file.

291 JudasIscariot the Shield-Bearer (level 6, -1/47 HPs)
             Began as a Demonspawn Fighter on Nov 14, 2015.
             Succumbed to poison (a potion of poison)
             ... on level 3 of the Dungeon.
             The game lasted 00:08:51 (2583 turns).

JudasIscariot the Shield-Bearer (DsFi)              Turns: 2583, Time: 00:08:51

Health: -1/47      AC: 18    Str: 18      XL:     6   Next: 10%
Magic:  6/6        EV:  3    Int:  8 (10) God:
Gold:   162        SH:  9    Dex: 14      Spells: 0 memorised, 5 levels left

rFire  . . .     SeeInvis .     d - +0 morningstar (protect)
rCold  . . .     Clarity  .     i - +0 plate armour
rNeg   . . .     SustAt   .     c - +0 shield
rPois  .         Gourm    .     h - +0 helmet
rElec  .         Spirit   +     (no cloak)
rCorr  .         Warding  .     (no gloves)
rMut   .         Stasis   .     r - +0 pair of boots
MR     .....                    (no amulet)
Stlth  ..........               (no ring)
                                (no ring)

@: lethally poisoned (-1 -> -13), very slightly contaminated, drained,
invisible, not resistant to hostile enchantments, extremely unstealthy
A: thin skeletal structure 1, magic shield, magic regeneration, rot immunity
a: no special abilities


You were on level 3 of the Dungeon.
You were not hungry.

You visited 1 branch of the dungeon, and saw 4 of its levels.

You collected 162 gold pieces.

Inventory:

Hand Weapons
 a - a +1 flail
 d - a +0 morningstar of protection (weapon)
Armour
 b - a +0 scale mail
 c - a +0 shield (worn)
 h - a +0 helmet (worn)
 i - a +0 plate armour (worn)
 r - a +0 pair of boots (worn)
Wands
 t - a wand of cold (9)
Scrolls
 g - 4 scrolls of teleportation
 o - 2 scrolls of fear {unknown}
 p - a scroll of magic mapping {unknown}
Potions
 k - a potion of flight
Comestibles
 e - 6 bread rations
 f - a meat ration
 m - a slice of pizza
 n - 4 fruits


   Skills:
 * Level 3.6(3.4) Fighting
 * Level 2.7(2.5) Maces & Flails
 * Level 3.9(3.6) Armour
 + Level 1.4(1.2) Dodging
 + Level 0.2(0.0) Stealth
 * Level 4.3(4.1) Shields


You had 5 spell levels left.
You didn't know any spells.

Dungeon Overview and Level Annotations

Branches:
Dungeon (4/15)
 Temple: D:4-7

Altars:
Ashenzari
Elyvilon
Fedhas
Qazlal

Annotations:
D:4 Scarn's ghost, amateur TeBe


Innate Abilities, Weirdness & Mutations

You have a somewhat thin skeletal structure (Dex +2, Stealth).
When hurt, damage is shared between your health and your magic reserves.
You regenerate magic rapidly.
You are immune to rotting.


Message History

It was a potion of poison.
That liquid tasted very nasty...
You are lethally poisoned!
* * * LOW HITPOINT WARNING * * *
You feel sick.
Drink which item? (? for menu, Esc to quit)
It was a potion of invisibility.
You fade into invisibility!
* * * LOW HITPOINT WARNING * * *
You feel sick.
Unknown command.
Unknown command.
Unknown command.
* * * LOW HITPOINT WARNING * * *
You feel sick.
* * * LOW HITPOINT WARNING * * *
You feel sick.
* * * LOW HITPOINT WARNING * * *
You feel sick.
You die...

######## #......#
############### #.####.#
#.............#
#.#..#.#####.###########.#
#)#..#.#...#.# #.#
#.#..#.#.#.#.###########.#
#.#..#.#.#<#.##.......##.#
####.#<.#.#.###.##.......##.#
.......((...)(..@.(.........#
####.#....########.......####
..##.#..##########.......#
..##.#..........##.......#
..##.#..#######.##.......#
..##.#........#.##.......#
..##.##.#####.#.##########
..##..........#.#
).#####.#######.#


There were no monsters in sight!

Vanquished Creatures
  An orc warrior (D:3)
  Ijyb (D:2)
  An orc wizard (D:3)
  5 adders
  2 worms
  3 giant geckos
  15 orcs (D:3)
  4 ball pythons
  6 bats (D:1)
  2 giant cockroaches (D:3)
  4 goblins
  7 hobgoblins
  3 jackals
  A quokka (D:3)
  A giant newt (D:2)
  10 kobolds
  9 rats
75 creatures vanquished.

Notes
Turn   | Place    | Note
--------------------------------------------------------------
     0 | D:1      | JudasIscariot the Demonspawn Fighter began the quest for the Orb.
     0 | D:1      | Reached XP level 1. HP: 18/18 MP: 1/1
   169 | D:1      | Gained mutation: When hurt, damage is shared between your health and your magic reserves. [demonic ancestry]
   169 | D:1      | Reached XP level 2. HP: 16/24 MP: 2/2
   354 | D:1      | Found a shattered altar of Ashenzari.
   817 | D:1      | Gained mutation: You have a somewhat thin skeletal structure (Dex +2, Stealth). [demonic ancestry]
   817 | D:1      | Reached XP level 3. HP: 21/29 MP: 3/3
   987 | D:2      | Found a blossoming altar of Fedhas.
  1116 | D:2      | Found a white marble altar of Elyvilon.
  1150 | D:2      | Noticed Ijyb
  1164 | D:2      | Killed Ijyb
  1164 | D:2      | Gained mutation: You are immune to rotting. [demonic ancestry]
  1164 | D:2      | Reached XP level 4. HP: 30/35 MP: 2/4
  1317 | D:2      | Found a stormy altar of Qazlal.
  1586 | D:3      | Reached skill level 1 in Dodging
  1914 | D:3      | Noticed an orc warrior
  1942 | D:3      | Killed an orc warrior
  1942 | D:3      | Reached skill level 4 in Shields
  1942 | D:3      | Reached XP level 5. HP: 19/41 MP: 1/5
  2210 | D:3      | Gained mutation: You regenerate magic rapidly. [demonic ancestry]
  2210 | D:3      | Reached XP level 6. HP: 34/47 MP: 6/6
  2534 | D:4      | Noticed Scarn's ghost (amateur TeBe)
  2581 | D:3      | HP: 2/47 [poison (a potion of poison)]
  2583 | D:3      | Succumbed to poison (a potion of poison)

Action                   |  1- 3 |  4- 6 || total
-------------------------+-------+-------++-------
Melee: Flail             |   131 |   172 ||   303
       Morningstar       |       |    66 ||    66
  Use: Scroll            |       |     7 ||     7
       Potion            |       |     6 ||     6
 Stab: Invisible         |       |     2 ||     2
  Eat: Chunk             |     1 |     5 ||     6
